 Dungeon Crawl Stone Soup version 0.29.1-15-g9cfb28693d (webtiles) character file.

Game seed: 2435847944528811817

6505 adizb the Skirmisher (level 10, -3/56 HPs)
             Began as a Deep Elf Hunter on Apr 28, 2023.
             Was a Believer of Ru.
             Shot with an arrow by a centaur (4 damage)
             ... while paralysed by a centaur
             ... on level 10 of the Dungeon.
             The game lasted 00:52:29 (8442 turns).

adizb the Skirmisher (Deep Elf Hunter)              Turns: 8442, Time: 00:52:29

Health: -3/56      AC:  9    Str:  8    XL:     10   Next: 69%
Magic:  21/21      EV:  2    Int: 15    God:    Ru [**....]
Gold:   349        SH:  0    Dex: 22    Spells: 12/21 levels left

rFire   . . .      SeeInvis .   x - +3 rapier (drain)
rCold   . . .      Faith    .   (no shield)
rNeg    . . .      Spirit   .   E - +0 troll leather armour
rPois   .          Reflect  +   p - +0 helmet
rElec   .          Harm     .   t - +1 cloak
rCorr   .          Rampage  .   (no gloves)
Will    +....                   z - +0 pair of boots
Stlth   ++++......              A - amulet of reflection
HPRegen 0.98/turn               (no ring)
MPRegen 0.17/turn               (no ring)

@: paralysed, unable to drink
A: inability to drink after injury 2, unskilled 1
a: Renounce Religion


You were on level 10 of the Dungeon.
You worshipped Ru.
Ru was pleased with you.
You visited 2 branches of the dungeon, and saw 12 of its levels.

You collected 745 gold pieces.
You spent 396 gold pieces at shops.

Inventory:

Hand Weapons
 e - a +2 dagger of venom
 k - the +9 sling of Skirmishing {vorpal, Int+4}
   (You found it on level 2 of the Dungeon)

   Any ammunition fired from it inflicts extra damage upon your enemies.
   Int:       It affects your intelligence (+4).
 q - a +1 arbalest
 x - a +3 rapier of draining (weapon)
Armour
 h - +0 steam dragon scales
 m - a +0 kite shield
 o - a +4 ring mail
 p - a +0 helmet (worn)
 t - a +1 cloak (worn)
 v - a scarf of invisibility
 y - a +3 leather armour
 z - a +0 pair of boots (worn)
 E - a +0 troll leather armour (worn)
Magical Staves
 H - a staff of conjuration
Jewellery
 a - a ring of protection from fire
 A - an amulet of reflection (around neck)
Wands
 r - a wand of digging (7)
 B - a wand of polymorph (14)
 G - a wand of roots (6)
Scrolls
 b - 4 scrolls of immolation
 n - a scroll of poison
 u - 2 scrolls of amnesia
 F - a scroll of magic mapping
Potions
 c - a potion of mutation
 d - 2 potions of haste {unknown}
 f - a potion of attraction {unknown}
 g - 2 potions of might
 i - 3 potions of invisibility
 j - a potion of magic
 l - 8 potions of curing
 s - a potion of lignification {unknown}
 w - a potion of ambrosia {unknown}
 C - a potion of flight {unknown}
 D - a potion of heal wounds


   Skills:
 - Level 3.6 Fighting
 + Level 3.4 Short Blades
 * Level 11.1 Ranged Weapons
 + Level 3.2 Armour
 + Level 5.9 Dodging
 + Level 8.1 Stealth
 + Level 6.1 Spellcasting
 + Level 5.8 Hexes
 + Level 3.5 Translocations


You had 12 spell levels left.
You knew the following spells:

 Your Spells              Type           Power      Damage    Failure   Level
a - Portal Projectile     Hex/Tloc       36%        N/A       9%          3
b - Tukima's Dance        Hex            22%        N/A       5%          3
c - Confusing Touch       Hex            22%        N/A       5%          3

Your spell library contained the following spells:

 Spells                   Type           Power      Damage    Failure   Level
 Apportation              Tloc           30%        N/A       4%          1
 Inner Flame              Hex/Fire       13%        N/A       19%         3
 Foxfire                  Conj/Fire      16%        2x1d4     21%         1
 Freeze                   Ice            16%        1d4       21%         1
 Conjure Flame            Conj/Fire      4%         6-21      52%         3
 Frozen Ramparts          Ice            8%         1d2       52%         3
 Ignite Poison            Fire/Tmut/Pois 4%         N/A       52%         3
 Yara's Violent Unravell  Hex/Tmut       6%         3d5       86%         5
 Flame Wave               Conj/Fire      4%         2d5       90%         4
 Hailstorm                Conj/Ice       4%         3d4       90%         4
 Sticky Flame             Conj/Fire      4%         2d3       90%         4
 Alistair's Intoxication  Tmut/Pois      2%         N/A       99%         5
 Blade Hands              Tmut           2%         N/A       99%         5
 Enfeeble                 Hex            11%        N/A       100%        7


Dungeon Overview and Level Annotations

Branches:
Dungeon (11/15)            Temple (1/1) D:4
   Lair: D:8-11         Orc: D:9-12

Altars:
Ashenzari
Cheibriados
Dithmenos
Elyvilon
Fedhas
Gozag
Hepliaklqana
Kikubaaqudgha
Makhleb
Nemelex Xobeh
Okawaru
Qazlal
Ru
Sif Muna
Trog
Uskayaw
Vehumet
Wu Jian
Xom
Yredelemnul
Zin
The Shining One
Lugonu

Shops:
D:4 (   D:9 !==


Innate Abilities, Weirdness & Mutations

You sometimes lose the ability to drink potions when taking damage.
You are somewhat unskilled. (-1 Apt)


Message History

The vampire mosquito is almost destroyed.
The vampire mosquito completely misses you.
The flying skull barely misses you. The vampire mosquito barely misses you.
The flying skull hits you.
You barely miss the vampire mosquito.
The vampire mosquito is almost destroyed.
The vampire mosquito barely misses you. You block the flying skull's attack.
The vampire mosquito bites you!
* * * LOW HITPOINT WARNING * * *
The vampire mosquito draws strength from your injuries!
You hit the vampire mosquito.
The vampire mosquito is almost destroyed.
The vampire mosquito closely misses you.
The flying skull closely misses you. The flying skull barely misses you.
The vampire mosquito bites you.
* * * LOW HITPOINT WARNING * * *
The vampire mosquito draws strength from your injuries!
You hit the vampire mosquito but do no damage.
The vampire mosquito is severely damaged.
The vampire mosquito misses you. The flying skull barely misses you.
The vampire mosquito closely misses you.
You hit the vampire mosquito.
The vampire mosquito is almost destroyed.
The flying skull hits you.
* * * LOW HITPOINT WARNING * * *
The vampire mosquito bites you but does no damage.
The flying skull hits you.
* * * LOW HITPOINT WARNING * * *
You redirect the vampire mosquito's attack!
The vampire mosquito bites the centaur!
The vampire mosquito draws strength from the centaur's injuries!
You catch the helpless vampire mosquito completely off-guard!
You puncture the vampire mosquito!
You destroy the vampire mosquito!
The centaur zaps a wand.
You suddenly lose the ability to move!
The flying skull hits you.
* * * LOW HITPOINT WARNING * * *
The centaur wields a +0 shortbow.
The centaur shoots an arrow.
The arrow hits you.
You die...

### #.. #.# ### #.# ..# #.# ..#
######## #.# ..############
#......####.#
.....##......########......##≈#.#
..##..'......'zz@†c........##≈#.#
..#####......########....(.##≈#.#
..# #......# #......####.# ###
#####'## #......##≈#.# #.#
#..>...##≈#.# #.# #####.###≈#.#
##.# #.# ###.# # #..# #.# #≈#.# #
#.## #.# #≈#.#


You could see a centaur and 2 flying skulls.

Vanquished Creatures
  A cyclops (D:11)
  A manticore (D:11)
  3 trolls (D:10)
  A wraith (D:9)
  6 yaks
  3 vampire mosquitoes (D:10)
  3 steam dragons
  2 water moccasins
  An ice beast (D:7)
  2 orc warriors
  3 sky beasts (D:7)
  A hornet zombie (D:8)
  An ogre (D:6)
  2 black bears
  3 centaurs
  4 kobold brigands
  3 scorpions
  5 killer bees (D:10)
  7 howler monkeys
  2 centaur zombies (D:8)
  5 hounds
  A gnoll bouda (D:9)
  3 jellies
  4 orc priests
  4 iguanas
  Natasha (thrice) (D:4)
  6 orc wizards
  13 gnolls
  6 adders
  A shadow imp (D:6)
  A white imp (D:7)
  2 worms
  3 dart slugs
  36 orcs
  6 endoplasms
  3 giant cockroaches (D:2)
  7 goblins
  3 hobgoblins
  7 jackals
  21 kobolds
  2 quokkas
  6 ball pythons
  7 bats
  2 frilled lizards (D:2)
  5 rats
211 creatures vanquished.

Vanquished Creatures (others)
  2 kobolds (D:9)
  4 fungi (D:8)
  4 plants (D:8)
  A withered plant (D:8)
11 creatures vanquished.

Grand Total: 222 creatures vanquished

Notes
Turn   | Place    | Note
-------+----------+-------------------------------------------
     0 | D:1      | adizb the Deep Elf Hunter began the quest for the Orb.
     0 | D:1      | Reached XP level 1. HP: 12/12 MP: 3/3
     6 | D:1      | Reached XP level 2. HP: 17/17 MP: 4/4
   401 | D:1      | Reached skill level 6 in Ranged Weapons
   418 | D:1      | Found a faded altar of an unknown god.
   479 | D:1      | Reached XP level 3. HP: 12/21 MP: 5/5
  1015 | D:2      | Identified the +9 sling of Skirmishing {vorpal, Int+4}
  1241 | D:2      | Reached XP level 4. HP: 26/26 MP: 6/6
  1339 | D:2      | Reached skill level 1 in Short Blades
  1547 | D:3      | Reached XP level 5. HP: 31/31 MP: 7/7
  1788 | D:4      | Reached skill level 7 in Ranged Weapons
  2204 | D:4      | Reached XP level 6. HP: 12/36 MP: 8/8
  2471 | D:4      | Found Qilutiju's Weapon Emporium.
  2478 | D:4      | Noticed Natasha
  2487 | D:4      | Killed Natasha
  2488 | D:4      | Reached skill level 1 in Armour
  2762 | D:4      | Noticed Natasha
  2766 | D:4      | Killed Natasha
  2880 | D:4      | Found a staircase to the Ecumenical Temple.
  2886 | D:4      | Reached skill level 8 in Ranged Weapons
  2906 | D:4      | Reached XP level 7. HP: 38/41 MP: 9/9
  2922 | Temple   | Entered the Ecumenical Temple
  2929 | Temple   | Became a worshipper of Ru the Awakened
  2945 | D:4      | Noticed Natasha
  2946 | D:4      | Killed Natasha
  3372 | D:5      | Entered Level 5 of the Dungeon
  3795 | D:5      | Reached skill level 5 in Stealth
  3983 | D:5      | Reached skill level 9 in Ranged Weapons
  3993 | D:5      | Reached XP level 8. HP: 43/47 MP: 10/10
  4122 | D:5      | Found a glowing silver altar of Zin.
  4122 | D:5      | Found a glowing golden altar of the Shining One.
  4122 | D:5      | Found a white marble altar of Elyvilon.
  4139 | D:5      | Found an iron altar of Okawaru.
  4423 | D:6      | Identified the +6 trident of Gymogg {holy, Str-3 Int+4
                  | Dex+2 Stlth+}
  4474 | D:6      | Reached skill level 1 in Spellcasting
  4484 | D:6      | Found a large runed translucent door.
  4484 | D:6      | Found a large runed translucent door.
  4490 | D:6      | Found a corrupted altar of Lugonu.
  4500 | D:6      | Identified the +0 dagger of Conscience {distort, rPois
                  | Str-5 Dex+3}
  4506 | D:6      | Reached skill level 1 in Hexes
  4897 | D:6      | Reached skill level 10 in Ranged Weapons
  5103 | D:6      | Learned a level 3 spell: Portal Projectile
  5192 | D:7      | Reached skill level 1 in Translocations
  5192 | D:7      | Reached XP level 9. HP: 52/52 MP: 15/15
  5934 | D:8      | Gained mutation: You occasionally lose the ability to drink
                  | potions when taking damage. [Ru sacrifice]
  5934 | D:8      | Gained mutation: You sometimes lose the ability to drink
                  | potions when taking damage. [Ru sacrifice]
  5934 | D:8      | Reached * piety under Ru
  6186 | D:8      | Reached skill level 5 in Dodging
  6271 | D:9      | Identified the +5 flail "Modoronerch" {spect, rC++ rCorr
                  | Str-5 Int+2}
  6325 | D:9      | Reached skill level 5 in Spellcasting
  6532 | D:9      | Reached skill level 11 in Ranged Weapons
  6532 | D:9      | Reached skill level 5 in Hexes
  6568 | D:9      | Reached XP level 10. HP: 19/56 MP: 20/20
  6879 | D:9      | Found Piamotom's Distillery.
  6889 | D:9      | Bought a potion of curing for 33 gold pieces
  6889 | D:9      | Bought a potion of curing for 33 gold pieces
  6889 | D:9      | Bought a potion of invisibility for 88 gold pieces
  6889 | D:9      | Bought a potion of curing for 33 gold pieces
  6889 | D:9      | Bought a potion of mutation for 88 gold pieces
  6889 | D:9      | Bought a potion of invisibility for 88 gold pieces
  6889 | D:9      | Bought a potion of curing for 33 gold pieces
  6927 | D:9      | Found Gonyneez's Jewellery Shoppe.
  6947 | D:9      | Found a shadowy altar of Dithmenos.
  6987 | D:9      | Found Tayniox's Jewellery Boutique.
  7067 | D:9      | Learned a level 3 spell: Tukima's Dance
  7071 | D:9      | Learned a level 3 spell: Confusing Touch
  7272 | D:9      | Found a stormy altar of Qazlal.
  7291 | D:10     | Entered Level 10 of the Dungeon
  7477 | D:10     | Found an ancient bone altar of Kikubaaqudgha.
  8009 | D:10     | Gained mutation: You are somewhat unskilled. (-1 Apt) [Ru
                  | sacrifice]
  8009 | D:10     | Reduced skill Ranged Weapons to level 10
  8009 | D:10     | Reduced skill Dodging to level 5
  8009 | D:10     | Reduced skill Spellcasting to level 5
  8009 | D:10     | Reduced skill Hexes to level 5
  8009 | D:10     | Reached ** piety under Ru
  8172 | D:11     | Noticed a manticore
  8172 | D:11     | Noticed a cyclops
  8356 | D:11     | Killed a manticore
  8369 | D:11     | Killed a cyclops
  8369 | D:11     | Paralysed by a centaur for 3 turns
  8370 | D:11     | Reached skill level 11 in Ranged Weapons
  8442 | D:10     | Paralysed by a centaur for 5 turns
  8442 | D:10     | HP: 1/56 [flying skull (6)]
  8442 | D:10     | Shot with an arrow by a centaur

Illustrated notes

Levels and vault maps discovered:
D:1:      shiori_arrival_oz, layout_basic, dilly_ecumenical_altar_fadedgnrine,
          roderic_serpentine_path
D:2:      layout_loops_ring
D:3:      layout_rooms
D:4:      layout_basic, minmay_temple_entry_ruins, serial_shops,
          nicolae_shop_trees, serial_park_tiny_1, minmay_goblin_kobold_house,
          uniq_natasha
D:5:      layout_cave_pools, good_gods_mini_temple, okawaru_ov_weapons_minmay,
          st_stairs_7, grunt_ministairs_1
D:6:      due_chaos_kobolds, layout_layer_cave
D:7:      layout_loops_corners
D:8:      layout_loops_ring, dpeg_oklobed_lair, serial_undead, serial_undead_f,
          serial_undead_b, serial_undead_e, serial_undead_c
D:9:      layout_cross, nicolae_dithmenos_the_darkroom,
          nicolae_qazlal_eye_of_the_storm, serial_column_ruins,
          column_ruins_square_large, column_ruins_open_tiny,
          column_ruins_grid_1, column_ruins_open_tiny_water,
          column_ruins_corridor_straight, column_ruins_open_small, serial_shops,
          shop, nicolae_shop_hallway_plus, shop_statue
D:10:     layout_roguey, nicolae_kikubaaqudgha_miasma_corner, serial_aquarium,
          aquarium_bridge_square [aquarium_subvault_wall,
          aquarium_subvault_bridge, aquarium_subvault_bridge,
          aquarium_subvault_window], aquarium_bridge_square
          [aquarium_subvault_bridge, aquarium_subvault_bridge,
          aquarium_subvault_bridge, aquarium_subvault_wall],
          aquarium_window_fake, aquarium_window_1, aquarium_window_corridor_2,
          aquarium_view_2e, aquarium_view_2g, aquarium_balcony_3a,
          aquarium_pool_five
D:11:     lemuel_vampire_tower, layout_long_grid, nicolae_figureground_sparkle,
          uniq_nergalle
Temple:   nicolae_temple_no_exploring_needed

Skill      XL: |  1  2  3  4  5  6  7  8  9 10 |
---------------+-------------------------------+-----
Stealth        | 2 3 4 5 6 8 8 |  8.1
Fighting       | 2 3 4 3 |  3.6
Ranged Weapons | 6 7 8 9 10 11 11 | 11.1
Short Blades   | 1 2 3 |  3.4
Armour         | 1 2 3 |  3.2
Spellcasting   | 3 5 6 |  6.1
Hexes          | 3 5 5 |  5.8
Dodging        | 3 5 5 |  5.9
Translocations | 1 3 |  3.5

Action                   |  1- 3 |  4- 6 |  7- 9 | 10-12 || total
-------------------------+-------+-------+-------+-------++-------
Melee: Dagger            |     9 |    30 |    34 |       ||    73
       Punch             |     1 |       |       |     1 ||     2
       Rapier            |       |       |    21 |    57 ||    78
       Arbalest          |       |       |       |     1 ||     1
 Fire: Shortbow          |    63 |       |       |       ||    63
       Sling             |     4 |    87 |   217 |       ||   308
       Arbalest          |       |       |    17 |    76 ||    93
 Cast: Tukima's Dance    |       |       |       |     3 ||     3
       Portal Projectile |       |       |       |     2 ||     2
       Confusing Touch   |       |       |       |     1 ||     1
Invok: Sacrifice Drink   |       |       |     1 |       ||     1
       Sacrifice Skill   |       |       |       |     1 ||     1
Evoke: Wand              |       |       |       |     1 ||     1
  Use: Potion            |       |       |     5 |       ||     5
       Scroll            |       |       |    11 |     5 ||    16
 Stab: Distracted        |       |       |       |     1 ||     1
       Confused          |       |       |       |     1 ||     1
Armor: Leather armour    |     3 |       |    23 |     4 ||    30
       Ring mail         |       |    29 |    17 |       ||    46
       Troll leather arm |       |       |       |    28 ||    28
Dodge: Dodged            |    14 |    36 |    63 |   102 ||   215
Block: Other             |       |       |    12 |    21 ||    33
       Reflection        |       |       |       |     4 ||     4
